 Dungeon Crawl Stone Soup version 0.22-a0-157-g169b76a (webtiles) character file.

3743 Azzok the Archer (level 10, -6/68 HPs)
             Began as a Gargoyle Fighter on Feb 8, 2018.
             Mangled by a troll (9 damage)
             ... on level 8 of the Dungeon.
             The game lasted 00:17:40 (7725 turns).

Azzok the Archer (Gargoyle Fighter)                 Turns: 7725, Time: 00:17:41

Health: -6/68      AC: 21    Str: 26    XL:     10   Next: 15%
Magic:  10/10      EV:  7    Int: 10    God:
Gold:   431        SH:  0    Dex: 10    Spells: 9/9 levels left

rFire    + . .     SeeInvis .   A - +2 dagger (venom)
rCold    + + .     Gourm    .   (no shield)
rNeg     + . .     Faith    .   t - +0 plate armour (curse)
rPois    ∞         Spirit   .   h - +2 hat
rElec    +         Reflect  .   w - scarf {rC+ rF+}
rCorr    .         Harm     .   i - +0 pair of gloves
MR       .....                  (no boots)
Stlth    ..........             (no amulet)
HPRegen  0.21/turn              (no ring)
MPRegen  0.12/turn              y - ring of protection from cold

@: mighty
A: negative energy resistance 1, electricity resistance, unbreathing,
petrification resistance, rot immunity, AC +7
a: no special abilities


You were on level 8 of the Dungeon.
You were not hungry.

You visited 1 branch of the dungeon, and saw 8 of its levels.

You collected 464 gold pieces.
You spent 33 gold pieces at shops.

Inventory:

Hand Weapons
 a - a +0 long sword
 A - a +2 dagger of venom (weapon)
 D - a +0 shortbow
Missiles
 j - 232 arrows
Armour
 c - a +0 shield
 h - a +2 hat (worn)
 i - a +0 pair of gloves (worn)
 t - a cursed +0 plate armour (worn)
 w - a scarf of resistance (worn)
Jewellery
 l - an uncursed ring of resist corrosion
 u - an uncursed ring of fire
 y - a ring of protection from cold (right hand)
 C - an uncursed ring of see invisible {unknown}
Wands
 r - a wand of polymorph (11)
 x - a wand of digging (22)
 M - a wand of flame (29)
Scrolls
 b - 2 scrolls of enchant weapon {unknown}
 e - 12 scrolls of identify {unknown}
 g - 11 scrolls of remove curse {unknown}
 k - 2 scrolls of immolation {unknown}
 n - 3 scrolls of noise {unknown}
 o - a scroll of blinking {unknown}
 p - 4 scrolls of teleportation {unknown}
 s - a scroll of silence {unknown}
 z - a scroll of magic mapping {unknown}
 I - a scroll of amnesia {unknown}
Potions
 d - a potion of might
 m - a potion of magic {unknown}
 q - 5 potions of curing
 v - a potion of haste {unknown}
 B - a potion of invisibility {unknown}
 F - a potion of flight {unknown}
 G - a potion of brilliance {unknown}
 H - a potion of heal wounds {unknown}
 K - a potion of agility {unknown}
 L - a potion of lignification {unknown}
Books
 J - Dugi's Papyrus of Execration
   (You found it on level 7 of the Dungeon)

   Spells                             Type                      Level
   a - Ensorcelled Hibernation        Hexes/Ice                    2
   b - Confuse                        Hexes                        3
   c - Leda's Liquefaction            Hexes/Earth                  4
   d - Summon Mana Viper              Hexes/Summoning              5
   e - Darkness                       Hexes                        6
Comestibles
 f - 25 rations
 E - 2 chunks of flesh


   Skills:
 - Level 10.2 Fighting
 - Level 1.7 Long Blades
 + Level 11.0 Bows
 - Level 3.2 Armour
 - Level 3.2 Shields


You had 9 spell levels left.
You didn't know any spells.

Dungeon Overview and Level Annotations

Branches:
Dungeon (8/15)             Temple (0/1) D:7            Lair (0/6) D:8

Altars:
Ashenzari
Trog
Uskayaw
Zin
The Shining One

Shops:
D:4 [   D:6 *


Innate Abilities, Weirdness & Mutations

You are resistant to torment.
Your stone body is resilient. (AC +7)
You are immune to poison.
You resist negative energy. (rN+)
You are resistant to electric shocks. (rElec)
You can survive without breathing.
You are immune to petrification.
You are immune to rotting.


Message History

The troll claws you but does no damage. The troll barely misses you.
You barely miss the troll.
The troll is lightly wounded.
The troll bites you.
* * * LOW HITPOINT WARNING * * *
The troll claws you.
* * * LOW HITPOINT WARNING * * *
The troll claws you but does no damage.
You feel very mighty all of a sudden. The troll bites you but does no damage.
The troll closely misses you. x2
You closely miss the troll.
The troll is lightly wounded.
You puncture the troll!
The troll looks as sick as possible!
The troll is heavily wounded.
The troll bites you but does no damage. The troll claws you but does no damage.
The troll barely misses you.
You puncture the troll!
The troll is severely wounded.
The troll bites you!
You die...

▒▒▒▒▒··▒▒▒▒▒▒▒··
▒▒·▒·▒''▒·▒·▒▒▒··
▒······)·····▒▒··
▒··P······P··▒▒··
▒················
▒·············▒▒▒
▒▒▒··▒▒▒▒·▒▒▒▒▒
▒·▒▒▒▒▒▒▒··▒ ▒··▒
▒····T@····▒ ▒·▒▒
▒·········>·····
▒···········▒▒▒▒
·············▒
·············▒ ▒·
··········▒▒▒▒
▒▒▒▒· ▒▒▒·······▒
▒···· ▒▒·▒▒▒▒▒▒
▒▒▒▒▒▒▒·▒▒·
····≈·······


You could see a troll.

Vanquished Creatures
  The ghost of braks the Destroyer, a novice TeVM of Sif Muna (D:7)
  A wyvern (D:7)
  3 ice beasts
  2 orc warriors (D:6)
  3 sky beasts
  A black bear (D:6)
  2 phantoms
  3 wolves
  3 centaurs
  An ogre (D:6)
  A big kobold (D:8)
  3 bullfrogs
  A wyvern skeleton (D:7)
  A water moccasin skeleton (D:8)
  3 electric eels (D:8)
  3 crimson imps
  A bullfrog zombie (D:5)
  6 hounds
  A quasit (D:7)
  5 orc priests
  7 orc wizards
  A centaur skeleton (D:4)
  Ijyb (D:2)
  An iguana (D:6)
  4 worker ants (D:5)
  7 adders
  2 oozes
  An adder skeleton (D:7)
  3 worms
  A dart slug (D:1)
  7 leopard geckos
  29 orcs
  A ball python (D:7)
  2 giant cockroaches
  9 goblins
  9 hobgoblins
  6 jackals
  3 quokkas
  7 bats
  7 frilled lizards
  11 kobolds
  A leopard gecko zombie (D:7)
  2 quokka zombies
  11 rats
178 creatures vanquished.

Notes
Turn   | Place    | Note
-------+----------+-------------------------------------------
     0 | D:1      | Azzok the Gargoyle Fighter began the quest for the Orb.
     0 | D:1      | Reached XP level 1. HP: 14/14 MP: 1/1
   130 | D:1      | Reached XP level 2. HP: 20/20 MP: 2/2
   512 | D:1      | Reached XP level 3. HP: 23/24 MP: 3/3
   909 | D:2      | Reached skill level 5 in Fighting
  1111 | D:2      | Reached XP level 4. HP: 30/31 MP: 4/4
  1595 | D:3      | Noticed Ijyb
  1623 | D:2      | Killed Ijyb
  1623 | D:2      | Reached XP level 5. HP: 15/36 MP: 5/5
  2071 | D:3      | Found a glowing silver altar of Zin.
  2105 | D:3      | Found a hide-covered altar of Uskayaw.
  2106 | D:3      | Found a glowing golden altar of the Shining One.
  2220 | D:3      | Reached XP level 6. HP: 44/44 MP: 6/6
  2459 | D:4      | Noticed a phantom
  2555 | D:4      | Killed a phantom
  2646 | D:4      | Found Vinues Rouh's Armour Shop.
  2980 | D:4      | Reached XP level 7. HP: 50/50 MP: 7/7
  3101 | D:5      | Entered Level 5 of the Dungeon
  3953 | D:6      | Reached skill level 10 in Fighting
  3953 | D:6      | Reached XP level 8. HP: 53/57 MP: 8/8
  3970 | D:6      | Reached skill level 1 in Bows
  4009 | D:6      | Reached skill level 2 in Bows
  4038 | D:6      | Reached skill level 3 in Bows
  4069 | D:6      | Found a bloodstained altar of Trog.
  4121 | D:6      | Reached skill level 4 in Bows
  4285 | D:6      | Reached skill level 5 in Bows
  4543 | D:6      | Found Huirphia's General Store.
  4677 | D:6      | Reached skill level 6 in Bows
  5066 | D:6      | Bought a potion of curing for 33 gold pieces
  5111 | D:7      | Reached XP level 9. HP: 60/62 MP: 9/9
  5115 | D:7      | Noticed braks's ghost (novice TeVM)
  5145 | D:7      | Killed braks's ghost
  5145 | D:7      | Reached skill level 8 in Bows
  5174 | D:7      | Found a shattered altar of Ashenzari.
  5920 | D:7      | Reached skill level 9 in Bows
  6019 | D:7      | Found a staircase to the Ecumenical Temple.
  6253 | D:7      | Identified Dugi's Papyrus of Execration
  6909 | D:7      | Reached skill level 10 in Bows
  7212 | D:8      | Reached XP level 10. HP: 54/68 MP: 10/10
  7402 | D:8      | Found a staircase to the Lair.
  7645 | D:8      | Reached skill level 11 in Bows
  7721 | D:8      | HP: 2/68 [troll (6)]
  7725 | D:8      | Mangled by a troll

Vault maps used:
D:1:      dpeg_arrival_arbitrary_b
D:2:      first_ration
D:3:      grunt_temple_overflow_open, uniq_ijyb
D:4:      serial_shops, nicolae_shop_trees, grunt_decor_one_mirror
D:6:      kennysheep_mini, serial_shops, nicolae_shop_waterfront
D:7:      ashenzari_conservatory_becter, minmay_temple_entry_from_below_b,
          nicolae_ossuary_entry_plus
D:8:      lemuel_mausoleum_altar_kikubaaqudgha, erik_lair_island,
          blue_anna_alchemist, uniq_maurice

Skill      XL: |  1  2  3  4  5  6  7  8  9 10 |
---------------+-------------------------------+-----
Fighting       | 4 5 6 7 8 10 | 10.2
Bows           | 6 10 11 | 11.0
Long Blades    | |  1.7
Armour         | |  3.2
Shields        | |  3.2

Action                   |  1- 3 |  4- 6 |  7- 9 | 10-12 || total
-------------------------+-------+-------+-------+-------++-------
Melee: Long sword        |    68 |    17 |    69 |       ||   154
       Dagger            |    50 |   232 |   429 |    95 ||   806
       Unarmed           |       |     2 |       |       ||     2
  Use: Potion            |       |       |       |     1 ||     1
  Eat: Chunk             |     1 |     6 |    14 |     2 ||    23
Armor: Scale mail        |    81 |    50 |       |       ||   131
       Chain mail        |       |    30 |       |       ||    30
       Plate armour      |       |    99 |   433 |    74 ||   606
Dodge: Dodged            |    58 |    80 |   171 |    28 ||   337
       Rpst.: Long sword |    15 |       |     4 |       ||    19

Table legend:
 A = Spawn XP
 B = Non-spawn XP
 C = Spawn XP percentage of total XP
 D = Spawn monster count
 E = Non-spawn monster count
 F = Spawn count percentage of total count
 G = Total turns spent on level
                    A         B        C        D         E        F      G
               +---------+---------+-------+---------+---------+-------+---------
         Total |       0 |    5348 |   0.0 |       0 |     178 |   0.0 |  7725
               +---------+---------+-------+---------+---------+-------+---------
           D:1 |       0 |      39 |   0.0 |       0 |      24 |   0.0 |   682
           D:2 |       0 |     211 |   0.0 |       0 |      40 |   0.0 |  1264
           D:3 |       0 |      84 |   0.0 |       0 |      15 |   0.0 |   366
           D:4 |       0 |     307 |   0.0 |       0 |      19 |   0.0 |   789
           D:5 |       0 |     498 |   0.0 |       0 |      11 |   0.0 |   831
           D:6 |       0 |    1500 |   0.0 |       0 |      29 |   0.0 |  1708
           D:7 |       0 |    1729 |   0.0 |       0 |      21 |   0.0 |  1291
           D:8 |       0 |     980 |   0.0 |       0 |      19 |   0.0 |   794
               +---------+---------+-------+---------+---------+-------+---------
